 Dungeon Crawl Stone Soup version 0.29-a0-676-ga64570c9d2 (webtiles) character file.

Game seed: 12520587253147770405

16284 hquester1 the Blocker (level 12, -6/90 (106) HPs)
             Began as a Minotaur Fighter on June 24, 2022.
             Was a High Priest of Okawaru.
             Mangled by a spectral orc knight
             ... wielding a +2 battleaxe
             ... summoned by Nergalle
              (14 damage)
             ... on level 12 of the Dungeon.
             The game lasted 00:36:46 (13045 turns).

hquester1 the Blocker (Minotaur Fighter)           Turns: 13045, Time: 00:36:49

HP:   -6/90 (106)   AC: 28    Str: 25    XL:     12   Next: 8%
MP:   14/14         EV: 10    Int:  5    God:    Okawaru [*****.]
Gold: 819           SH: 11    Dex: 14    Spells: 11/11 levels left

rFire   . . .      SeeInvis .   E - +1 flail (protect)
rCold   . . .      Faith    .   c - +0 buckler
rNeg    . . .      Spirit   .   K - +0 plate armour
rPois   +          Reflect  +   (helmet restricted)
rElec   .          Harm     .   j - +0 cloak
rCorr   .          Rampage  .   N - +2 pair of gloves {Str+3}
Will    +....                   t - +1 pair of boots
Stlth   ..........              D - amulet of reflection
HPRegen 0.25/turn               f - ring of poison resistance
MPRegen 0.14/turn               m - ring of willpower

@: under a protective aura, studying Bows, heavily drained
A: horns 2, retaliatory headbutt
a: Renounce Religion, Heroism, Finesse, Duel


You were on level 12 of the Dungeon.
You worshipped Okawaru.
Okawaru was extremely pleased with you.
You visited 2 branches of the dungeon, and saw 14 of its levels.

You collected 931 gold pieces.
You spent 112 gold pieces at shops.

Inventory:

Hand Weapons
 E - a +1 flail of protection (weapon)
 I - a +2 war axe of flaming
Armour
 c - a +0 buckler (worn)
 j - a +0 cloak (worn)
 t - a +1 pair of boots (worn)
 K - a +0 plate armour (worn)
 N - a +2 pair of gloves of strength (worn)
Jewellery
 f - a ring of poison resistance (left hand)
 g - a ring of wizardry
 m - a ring of willpower (right hand)
 C - an amulet of guardian spirit
 D - an amulet of reflection (around neck)
Wands
 q - a wand of light (22)
 z - a wand of iceblast (13)
 L - a wand of flame (13)
Scrolls
 i - 4 scrolls of enchant armour
 l - 2 scrolls of immolation
 n - 2 scrolls of blinking
 o - 2 scrolls of enchant weapon
 u - a scroll of magic mapping
 v - 3 scrolls of fog
 w - 2 scrolls of silence
 y - 2 scrolls of fear
 B - a scroll of vulnerability
 G - 2 scrolls of teleportation
 O - a scroll of identify
Potions
 a - a potion of flight
 b - 5 potions of mutation
 d - 3 potions of might
 e - 3 potions of magic
 h - a potion of cancellation
 k - 3 potions of brilliance
 p - 2 potions of invisibility
 s - a potion of haste
 x - a potion of heal wounds
 A - a potion of lignification
 F - 4 potions of curing
 H - a potion of resistance
 J - 2 potions of attraction
Miscellaneous
 M - a lightning rod (4/4)


   Skills:
 + Level 9.9 Fighting
 + Level 5.5(8.3) Axes
 + Level 9.7(10.3) Maces & Flails
 + Level 7.9 Bows
 + Level 9.8 Armour
 + Level 8.2 Dodging
 + Level 9.9 Shields
 + Level 5.1 Invocations
 + Level 4.7 Evocations


You had 11 spell levels left.
You didn't know any spells.
Your spell library contained the following spells:

 Spells                   Type           Power      Damage    Failure   Level
 Magic Dart               Conj           0%         1d3       100%        1
 Necrotize                Necr           0%         1d4       100%        1
 Ensorcelled Hibernation  Hex/Ice        0%         N/A       100%        2
 Gell's Gravitas          Tloc           0%         N/A       100%        3
 Lesser Beckoning         Tloc           0%         N/A       100%        3
 Mephitic Cloud           Conj/Pois/Air  0%         N/A       100%        3
 Spider Form              Tmut/Pois      0%         N/A       100%        3
 Teleport Other           Tloc           0%         N/A       100%        3
 Anguish                  Hex/Necr       0%         N/A       100%        4
 Fulminant Prism          Conj/Hex       0%         3d6       100%        4
 Ozocubu's Refrigeration  Ice            0%         4d5       100%        7
 Call Imp                 Summ           Unusable   N/A       N/A         2
 Summon Mana Viper        Hex/Summ       Unusable   N/A       N/A         5

Dungeon Overview and Level Annotations

Branches:
Dungeon (13/15)            Temple (1/1) D:6            Lair (0/6) D:10
    Orc: D:9-12      Vaults: D:13-14

Altars:
Ashenzari
Cheibriados
Dithmenos
Elyvilon
Fedhas
Gozag
Hepliaklqana
Kikubaaqudgha
Makhleb
Nemelex Xobeh
Okawaru
Qazlal
Ru
Sif Muna
Trog
Uskayaw
Vehumet
Wu Jian
Xom
Yredelemnul
Zin
The Shining One

Shops:
D:5 *   D:6 (   D:12 ?

Annotations:
D:12 Nergalle


Innate Abilities, Weirdness & Mutations

You have a pair of horns on your head.
You reflexively headbutt those who attack you in melee.


Message History

The spectral orc warrior closely misses you.
You furiously retaliate!
You headbutt the spectral orc warrior, but do no damage.
Nergalle hits you but does no damage.
The spectral orc knight hits you with a +2 battleaxe!
* * * LOW HITPOINT WARNING * * *
You feel drained.
* * * LOW HITPOINT WARNING * * *
The spectral orc knight hits you but does no damage.
You feel much better.
The spectral orc knight hits you with a +2 halberd of flaming.
* * * LOW HITPOINT WARNING * * *
You feel drained. The spectral orc knight burns you.
* * * LOW HITPOINT WARNING * * *
You block the spectral orc warrior's attack.
Nergalle casts a spell at you. The bolt of negative energy misses you.
The bolt of negative energy hits the spectral orc knight.
The spectral orc knight completely resists.
You block the spectral orc knight's attack.
The spectral orc knight hits you but does no damage.
You sock Nergalle!
Nergalle is severely wounded.
You block the spectral orc warrior's attack.
The spectral orc knight barely misses you.
Nergalle gestures at you while chanting.
Orcish apparitions take form around you.
You block the spectral orc knight's attack.
The spectral orc knight hits you!
* * * LOW HITPOINT WARNING * * *
You feel drained.
* * * LOW HITPOINT WARNING * * *
Unknown command.
You closely miss Nergalle.
Nergalle is severely wounded.
You block the spectral orc knight's attack.
You block the spectral orc warrior's attack.
Nergalle barely misses you.
The spectral orc knight hits you with a +2 battleaxe!
You die...

#####..##.#
#.###.########.# #
#..##.###.# ### #...
#####.........# ##
###.#
...)......##### ..
.# #.....###.# .# #
#...#####.# ^#
...... ..# .#
#...### #.# ##o##
##.######.######@ZZ#
...............ZZZ.#
##.######.###.Z#Z.Z#
...# #.# #..#####
#.## #.# #..# #.#
#.# #..# #.# #..
...# #.# ######.#
#.# #.#


You could see Nergalle, 5 spectral orc warriors and 3 spectral orc knights.

Vanquished Creatures
  Rupert (D:12)
  A hydra (D:11)
  3 two-headed ogres
  Erica (D:9)
  A centaur warrior (D:13)
  A necromancer (D:10)
  A manticore (D:11)
  3 ugly things
  Joseph (D:7)
  A gargoyle (D:13)
  Maggie (D:7)
  Psyche (D:9)
  A tengu conjurer (D:13)
  A troll (D:11)
  Sigmund (D:6)
  A wraith (D:11)
  A wyvern (D:10)
  A basilisk (D:13)
  9 yaks
  Eustachio (D:6)
  2 steam dragons
  4 vampire mosquitoes
  2 acid dragons
  5 orc warriors
  2 sky beasts
  2 ice beasts (D:8)
  3 black bears
  2 ogres
  6 centaurs
  A phantom (D:6)
  5 kobold brigands
  4 bullfrogs
  2 necrophages (D:6)
  9 wights (D:9)
  8 killer bees
  2 howler monkeys (D:8)
  A jelly (D:6)
  4 orc priests
  5 hounds
  2 gnoll shamans
  4 iguanas
  12 orc wizards
  A yak simulacrum (D:10)
  A polar bear simulacrum (D:10)
  6 wolf simulacra (D:10)
  Robin (D:2)
  16 gnolls
  6 adders
  A shadow imp (D:6)
  A white imp (D:6)
  2 ufetubi
  2 worms (D:2)
  2 dart slugs
  25 orcs
  2 ball pythons
  2 bats (D:1)
  2 endoplasms (D:1)
  2 giant cockroaches
  12 goblins
  13 hobgoblins
  7 jackals
  52 kobolds
  A quokka (D:3)
  3 frilled lizards
  4 rats
  3 river rat simulacra (D:10)
286 creatures vanquished.

Vanquished Creatures (collateral kills)
  An ogre (D:6)
  Blork the orc (D:6)
  A necrophage (D:5)
  An orc wizard (D:5)
  4 orcs (D:5)
  6 kobolds (D:5)
14 creatures vanquished.

Vanquished Creatures (others)
  2 kobolds
2 creatures vanquished.

Grand Total: 302 creatures vanquished

Notes
Turn   | Place    | Note
-------+----------+-------------------------------------------
     0 | D:1      | hquester1 the Minotaur Fighter began the quest for the Orb.
     0 | D:1      | Reached XP level 1. HP: 19/19 MP: 0/0
   141 | D:1      | Reached XP level 2. HP: 18/27 MP: 1/1
   829 | D:2      | Noticed Robin
   842 | D:2      | Reached XP level 3. HP: 31/32 MP: 2/2
   846 | D:2      | Killed Robin
   847 | D:2      | Reached skill level 1 in Dodging
  1293 | D:3      | Reached XP level 4. HP: 40/40 MP: 3/3
  1512 | D:3      | Noticed a black bear
  1522 | D:3      | Killed a black bear
  1523 | D:3      | Reached XP level 5. HP: 31/47 MP: 4/4
  1693 | D:4      | Noticed an ogre
  1722 | D:4      | Killed an ogre
  1723 | D:4      | Reached skill level 5 in Fighting
  1723 | D:4      | Reached XP level 6. HP: 49/56 MP: 5/5
  1778 | D:4      | Reached skill level 5 in Armour
  1901 | D:4      | Reached skill level 5 in Shields
  2194 | D:5      | Entered Level 5 of the Dungeon
  2445 | D:5      | Reached XP level 7. HP: 33/61 MP: 6/6
  3010 | D:5      | Found Soykkuj's General Store.
  3303 | D:5      | Reached skill level 5 in Maces & Flails
  3755 | D:6      | Noticed Sigmund
  3760 | D:6      | Killed Sigmund
  3761 | D:6      | Reached XP level 8. HP: 70/71 MP: 7/7
  3767 | D:6      | Noticed Blork the orc
  3775 | D:6      | Killed Blork the orc
  3813 | D:6      | Found a staircase to the Ecumenical Temple.
  3817 | D:6      | Found Vudeoteg's Antique Weapon Boutique.
  3819 | Temple   | Entered the Ecumenical Temple
  3893 | Temple   | Became a worshipper of Warmaster Okawaru
  4070 | D:6      | Noticed Eustachio
  4083 | D:6      | Killed Eustachio
  4084 | D:6      | Reached skill level 5 in Dodging
  4300 | D:6      | Found a glowing silver altar of Zin.
  4459 | D:6      | Reached * piety under Okawaru
  4478 | D:6      | Reached XP level 9. HP: 74/79 MP: 8/8
  4996 | D:7      | Noticed Joseph
  5027 | D:7      | Killed Joseph
  5027 | D:7      | Reached ** piety under Okawaru
  5028 | D:7      | Reached skill level 1 in Invocations
  5319 | D:7      | Identified the +10 quarterstaff of the Harvest {vamp,
                  | Int+5}
  5397 | D:7      | Reached skill level 1 in Evocations
  5453 | D:7      | Reached skill level 1 in Bows
  5706 | D:7      | Noticed Maggie
  5733 | D:7      | Killed Maggie
  5808 | D:7      | Reached *** piety under Okawaru
  5809 | D:7      | Reached skill level 1 in Axes
  5813 | D:7      | Reached XP level 10. HP: 40/88 MP: 10/10
  7310 | D:8      | Found a shimmering blue altar of Sif Muna.
  7313 | D:8      | Found an ancient bone altar of Kikubaaqudgha.
  7314 | D:8      | Found a radiant altar of Vehumet.
  7318 | D:8      | Got Kikubaaqudgha's Almanac of Darkness
  7421 | D:9      | Noticed Erica
  7436 | D:9      | Killed Erica
  7436 | D:9      | Reached **** piety under Okawaru
  8139 | D:9      | Found an ornate altar of the Wu Jian Council.
  8139 | D:9      | Noticed Psyche
  8158 | D:9      | Found a stormy altar of Qazlal.
  8198 | D:9      | Killed Psyche
  8199 | D:9      | Reached skill level 5 in Bows
  8778 | D:9      | Found a basalt altar of Yredelemnul.
  8851 | D:10     | Entered Level 10 of the Dungeon
  8861 | D:10     | Got the Volume of the Snowflakes and Curses
  8913 | D:10     | Noticed a necromancer
  8934 | D:10     | Killed a necromancer
  9269 | D:10     | Reached XP level 11. HP: 60/97 MP: 12/12
  9270 | D:10     | Reached ***** piety under Okawaru
  9427 | D:10     | Found a hazy altar of Hepliaklqana.
  9737 | D:11     | Noticed a four-headed hydra
  9747 | D:11     | Killed a four-headed hydra
  9981 | D:11     | Noticed a two-headed ogre
  9990 | D:11     | Killed a two-headed ogre
 10225 | D:11     | Noticed a two-headed ogre
 10235 | D:11     | Killed a two-headed ogre
 10619 | D:11     | Noticed a red ugly thing
 10720 | D:10     | Noticed a cyan ugly thing
 10731 | D:10     | Received a gift from Okawaru
 10732 | D:10     | Killed a cyan ugly thing
 10907 | D:10     | Found a staircase to the Lair.
 11097 | D:11     | Killed a red ugly thing
 11375 | D:11     | You fall into a shaft and drop 2 floors!
 11383 | D:13     | Noticed a centaur warrior
 11392 | D:13     | Killed a centaur warrior
 11521 | D:13     | Noticed a red ugly thing
 11532 | D:13     | Killed a red ugly thing
 11533 | D:13     | Reached skill level 5 in Axes
 11935 | D:12     | Noticed a two-headed ogre
 11945 | D:12     | Killed a two-headed ogre
 12573 | D:12     | Found Ineo's Magic Scroll Emporium.
 12577 | D:12     | Bought a scroll of identify for 28 gold pieces
 12577 | D:12     | Bought a scroll of identify for 28 gold pieces
 12577 | D:12     | Bought a scroll of identify for 28 gold pieces
 12577 | D:12     | Bought a scroll of identify for 28 gold pieces
 12587 | D:12     | Noticed Rupert
 12604 | D:12     | Killed Rupert
 12605 | D:12     | Reached skill level 5 in Invocations
 12605 | D:12     | Reached XP level 12. HP: 35/106 MP: 14/14
 12612 | D:12     | HP: 5/106 [poisoned by Rupert]
 12615 | D:12     | HP: 2/106 [poisoned by Rupert]
 13019 | D:12     | Noticed Nergalle
 13042 | D:12     | HP: 4/94 [spectral orc knight/+2 battleaxe[Nergalle] (6)]
 13045 | D:12     | Mangled by a spectral orc knight

Illustrated notes

Levels and vault maps discovered:
D:1:      scummos_arrival_hexagon, layout_rooms, dk_noncrumbling_3
D:2:      layout_rooms, uniq_robin
D:3:      layout_rooms, chequers_serial_rivers_room_b, nrook_mini_backslash
D:4:      layout_rooms
D:5:      minmay_goblin_kobold_castle, layout_loops_corners, serial_shops, shop,
          grunt_decor_arrowhead
D:6:      layout_gridville, mainiacjoe_overflow_small_starburst,
          minmay_temple_entry_gardened_gates, serial_shops,
          nicolae_shop_temple_entry_statues_fountains,
          minmay_fractal_squares_gapless_5, uniq_blork_the_orc, uniq_eustachio,
          uniq_sigmund
D:7:      layout_gridville, uniq_joseph, uniq_maggie
D:8:      layout_loops_ring, grunt_temple_overflow_magic_moments,
          minmay_misc_feat_more_columns, corexii_checkpoint_b
D:9:      layout_gridville, chequers_temple_overflow_statue_of_worship,
          kennysheep_windowed_goal, uniq_psyche, uniq_erica
D:10:     layout_cave_pools, nicolae_hepliaklqana_hippocampus, lair_entry_dummy,
          hangedman_decor_clover_reticule, eino_house_with_fridge
D:11:     layout_irregular_city, serial_rivers, chequers_serial_rivers_micro_a,
          chequers_serial_rivers_small_a, chequers_serial_rivers_small_3,
          chequers_serial_rivers_small_a, chequers_serial_rivers_room_a,
          chequers_serial_rivers_micro_a
D:12:     layout_loops_ring, orc_0_dummy, serial_shops, nicolae_shop_trees,
          uniq_nergalle, uniq_rupert
D:13:     layout_basic, grunt_dithmenos_shadows
Temple:   jpeg_temple_clearing

Skill      XL: |  1  2  3  4  5  6  7  8  9 10 11 |
---------------+----------------------------------+-----
Armour         | 4 5 6 7 8 9 |  9.8
Shields        | 4 5 6 7 8 9 |  9.9
Fighting       | 4 5 6 7 8 9 |  9.9
Maces & Flails | 3 4 5 6 7 8 9 |  9.7
Dodging        | 1 2 3 4 5 6 7 8 |  8.2
Invocations    | 2 3 5 |  5.1
Evocations     | 2 3 4 |  4.7
Bows           | 3 5 7 |  7.9
Axes           | 1 3 5 |  5.5

Action                   |  1- 3 |  4- 6 |  7- 9 | 10-12 || total
-------------------------+-------+-------+-------+-------++-------
Melee: Flail             |    85 |   100 |   306 |   206 ||   697
       Headbutt          |    15 |    15 |    56 |    98 ||   184
       War axe           |       |       |    15 |   222 ||   237
       Unarmed           |       |       |       |    13 ||    13
Invok: Heroism           |       |       |     2 |     1 ||     3
  Use: Scroll            |     4 |     5 |     3 |    18 ||    30
       Potion            |       |       |       |     6 ||     6
Armor: Scale mail        |     9 |       |       |       ||     9
       Chain mail        |    39 |    89 |   168 |     8 ||   304
       Plate armour      |       |       |       |   235 ||   235
       Skin              |       |       |       |     4 ||     4
Dodge: Dodged            |    40 |    65 |   151 |   170 ||   426
Block: Buckler           |    19 |    38 |   180 |   277 ||   514
       Reflection        |       |       |     5 |    11 ||    16

Table legend: (Time is in decaauts)
 A = Elapsed time spent in this place.
 B = Non-inter-level travel time spent in this place.
 C = Inter-level travel time spent in this place.
 D = Time resting spent in this place.
 E = Time spent auto-exploring this place.
 F = Levels seen in this place.
 G = Mean time per level.
                   A        B        C        D        E       F      G
               +--------+--------+--------+--------+--------+-----+--------+
         Total |  13217 |  12883 |    334 |   2169 |   8145 |  14 |  944.1 |
       Dungeon |  13121 |  12808 |    313 |   2169 |   8092 |  13 | 1009.3 |
        Temple |     95 |     74 |     21 |      0 |     53 |   1 |   95.0 |
               +--------+--------+--------+--------+--------+-----+--------+

Top non-repeatable levels by time:
    D:11: 1684 daAuts
     D:7: 1621 daAuts
     D:5: 1540 daAuts
     D:9: 1525 daAuts
    D:10: 1122 daAuts
     D:8: 1098 daAuts
    D:12: 890 daAuts
     D:6: 862 daAuts
     D:3: 585 daAuts
     D:2: 574 daAuts
     D:1: 549 daAuts
    D:13: 540 daAuts
     D:4: 525 daAuts
  Temple: 95 daAuts
